Map: Kairos Junction LE

Players

Clem - Winner!

  • Race: Terran Terran
  • Spawn Location: 5:00

HellraiseR

  • Race: Protoss Protoss
  • Spawn Location: 11:00

Event: 2019 WCS Spring

VOD

Have the link to the VOD?

Description

Time

  • Played on: May 17, 2019, 6:57 a.m.
  • Length: 16:14

All games in this series

Show
View Real Time Build Order
Export as new Build Order

Clem Terran - Winner!

Build Orders: Gas First Reaper Expand 

Get SALT Encoding   

  12  0:00  SCV  
  13  0:13  SCV  
  14  0:17  Supply Depot  
  14  0:25  SCV  
  15  0:29  Refinery  
  15  0:38  SCV  
  16  0:44  Barracks  
  16  0:52  SCV  
  17  1:04  SCV  
  18  1:16  SCV  
  19  1:32  Orbital Command  
  19  1:33  Reaper  
  20  1:45  Command Center  
  20  1:58  Factory  
  20  2:01  SCV  
  21  2:08  Barracks Reactor  
  21  2:13  SCV  
  22  2:16  Supply Depot  
  22  2:20  Refinery  
  22  2:26  SCV  
  23  2:38  SCV  
  24  2:45  Starport, Marine x2  
  24  2:49  Widow Mine  
  24  2:51  SCV  
  29  2:57  Orbital Command  
  29  3:01  Orbital Command  
  29  3:03  Marine x2  
  31  3:07  SCV  
  34  3:13  Widow Mine  
  34  3:19  SCV  
  35  3:21  Marine x2  
  35  3:24  Medivac  
  39  3:27  SCV  
  39  3:31  Supply Depot  
  40  3:34  SCV  
  40  3:37  Factory Tech Lab  
  41  3:42  SCV  
  41  3:45  Marine x2  
  41  3:46  SCV  
  45  3:54  Viking  
  47  3:56  Siege Tank  
  47  4:00  SCV x2  
  47  4:02  Supply Depot  
  52  4:10  Marine x2  
  52  4:14  Supply Depot  
  54  4:23  SCV x2  
  55  4:25  Viking  
  55  4:28  Marine x2  
  59  4:35  SCV x2  
  59  4:37  Supply Depot  
  59  4:46  Marine x2  
  59  4:48  Command Center  
  59  4:51  Siege Tank  
  64  4:55  SCV  
  64  4:56  SCV  
  66  5:02  Barracks  
  66  5:04  Marine  
  66  5:06  Barracks  
  67  5:08  Marine  
  67  5:10  SCV  
  67  5:12  SCV  
  70  5:18  Supply Depot  
  70  5:22  Refinery, Marine  
  69  5:31  Marine  
  69  5:32  SCV  
  69  5:36  Siege Tank  
  69  5:39  Starport Tech Lab  
  69  5:41  Marine  
  70  5:43  SCV  
  70  5:44  SCV  
  70  5:49  Reaper  
  68  5:52  Marine  
  68  5:55  SCV  
  63  5:58  SCV  
  63  5:59  Marine  
  63  6:03  SCV  
  57  6:11  SCV  
  57  6:16  Marine  
  57  6:17  Starport Reactor  
  55  6:19  SCV x2, Factory Reactor  
  55  6:20  Marine  
  55  6:21  Marine  
  55  6:24  Stimpack, Marine  
  60  6:27  SCV  
  60  6:34  SCV, Marine  
  60  6:38  Marine x2  
  63  6:42  Marine  
  63  6:43  SCV  
  63  6:44  Bunker  
  64  6:50  SCV x2  
  64  6:52  Combat Shield, Marine  
  67  6:56  Marauder, Marine  
  67  7:01  SCV  
  70  7:08  Marauder  
  70  7:10  Orbital Command  
  70  7:11  SCV  
  70  7:14  SCV, Marine  
  73  7:20  Marauder  
  75  7:23  SCV  
  75  7:26  SCV, Widow Mine x2  
  81  7:31  Engineering Bay  
  81  7:35  Engineering Bay  
  81  7:40  Marine x2  
  81  7:42  Marauder  
  85  7:45  Refinery  
  85  7:46  Marauder  
  85  7:48  Supply Depot  
  87  7:54  SCV  
  87  7:55  SCV  
  80  7:59  Marine x2  
  80  8:01  SCV  
  80  8:03  Terran Infantry Armor Level 1  
  83  8:05  Terran Infantry Weapons Level 1  
  83  8:07  SCV  
  83  8:11  Marauder x2  
  88  8:14  Bunker  
  88  8:15  SCV  
  88  8:19  Orbital Command  
  89  8:20  Marine x2  
  89  8:24  SCV  
  92  8:31  Medivac  
  92  8:32  Medivac  
  92  8:33  Marauder  
  92  8:36  Widow Mine x2  
  92  8:37  Marauder  
  92  8:40  SCV  
  97  8:42  SCV  
  97  8:44  SCV  
  88  8:48  Marine  
  88  8:49  Concussive Shells, Marine  
  88  8:52  SCV  
  88  8:54  SCV  
  88  8:55  Marauder  
  94  8:56  SCV  
  89  9:04  SCV  
  89  9:06  SCV, Barracks  
  85  9:12  Barracks  
  85  9:16  Marine x2  
  84  9:17  Marauder  
  84  9:18  Marauder  
  89  9:24  Widow Mine x2  
  89  9:26  Medivac  
  89  9:29  Medivac  
  93  9:34  Marine  
  93  9:38  Marauder  
  93  9:40  SCV x2  
  93  9:43  Marine  
  93  9:45  Widow Mine  
  94  9:47  Widow Mine  
  96  9:53  Marauder  
  96  9:55  SCV  
  99  10:00  Marauder, Orbital Command  
  99  10:01  Marine  
  99  10:07  Widow Mine  
  102  10:08  Medivac x2  
  102  10:09  SCV  
  106  10:15  Marauder, Marine  
  106  10:16  SCV  
  106  10:19  Supply Depot  
  110  10:21  SCV  
  110  10:28  Marine x2  
  110  10:29  Widow Mine  
  110  10:34  Orbital Command, Marine  
  115  10:37  Marauder  
  117  10:42  Armory  
  117  10:46  Barracks Reactor, Barracks Tech Lab  
  117  10:48  Widow Mine  
  119  10:52  Marine  
  119  10:53  Marauder  
  122  10:59  Marine  
  122  11:03  Marauder  
  125  11:04  Widow Mine  
  125  11:12  Widow Mine  
  125  11:14  Medivac, Marine  
  125  11:16  Medivac  
  124  11:18  Marauder  
  124  11:21  Marine  
  124  11:23  Marauder  
  124  11:24  Marauder  
  124  11:25  Widow Mine  
  122  11:27  SCV  
  122  11:31  Marine  
  120  11:34  Terran Infantry Weapons Level 2  
  118  11:42  Terran Infantry Armor Level 2  
  118  11:44  Medivac  
  118  11:45  Marauder  
  118  11:46  Medivac  
  122  11:47  Marine x3  
  125  12:08  Barracks  
  125  12:09  Barracks  
  125  12:13  Supply Depot  
  125  12:14  Marauder, Widow Mine x2, Marine  
  132  12:16  Marine  
  132  12:17  Supply Depot  
  132  12:20  Marine x2  
  132  12:22  Marauder x2  
  123  12:36  Marauder, Marine x2, Widow Mine x2  
  126  12:39  Supply Depot  
  126  12:40  Marine x2  
  126  12:43  Marauder  
  130  12:47  Marauder  
  130  12:50  Supply Depot  
  132  12:54  Marine x2  
  132  12:56  Command Center  
  132  12:57  Marauder, Marine, Widow Mine x2  
  141  12:59  Barracks Reactor, Barracks Tech Lab  
  141  13:01  Liberator  
  141  13:05  Marauder  
  143  13:08  Marine  
  143  13:12  Marauder  
  144  13:18  Widow Mine  
  131  13:20  Marauder, Marine, Widow Mine  
  131  13:21  Marine  
  131  13:24  Marine  
  128  13:33  Marauder x2, Marine  
  126  13:39  Marauder  
  126  13:40  Widow Mine  
  130  13:41  Widow Mine  
  130  13:48  Marine x4  
  130  13:49  Marine x2  
  130  13:51  Medivac  
  138  13:57  SCV x2  
  140  14:05  Marauder x2  
  144  14:13  Starport  
  144  14:14  Planetary Fortress  
  144  14:21  Marine  
  144  14:22  Marine  
  146  14:27  Missile Turret  
  146  14:28  Sensor Tower  
  146  14:29  Missile Turret  
  146  14:30  SCV  
  143  14:53  Marine x4  
  143  14:54  Marine  
  143  14:55  Marauder  
  145  15:02  Medivac  
  145  15:05  Marauder  
  144  15:07  Medivac  
  144  15:09  Marauder  
  144  15:10  Marauder  
  144  15:13  Marine x3  
  141  15:16  Marine x2  
  141  15:19  Marine  
  141  15:20  Marauder  
  144  15:21  Medivac  
  144  15:26  Marauder  
  134  15:30  Marauder  
  134  15:32  Marauder  
  134  15:35  Marine x4  
  111  15:44  Marauder  
  111  15:48  Marauder  
  111  15:50  Marine x2  
  111  15:51  Marauder  
Show
View Real Time Build Order
Export as new Build Order

HellraiseR Protoss 

Build Orders: 1 Gate Expand, Colossus Rush 

Get SALT Encoding   

  12  0:00  Probe  
  13  0:12  Probe  
  14  0:16  Pylon  
  14  0:21  Probe  
  15  0:30  Probe  
  16  0:36  Gateway  
  16  0:41  Probe  
  16  0:45  Assimilator  
  17  0:54  Probe  
  18  1:06  Probe  
  19  1:19  Nexus  
  19  1:22  Probe  
  20  1:31  Cybernetics Core  
  20  1:34  Probe  
  20  1:39  Assimilator  
  21  1:47  Probe  
  22  1:49  Pylon  
  22  1:55  Probe  
  22  1:57  Stalker  
  23  2:03  Probe  
  23  2:08  Warp Gate  
  26  2:13  Probe  
  27  2:25  Probe  
  27  2:29  Stalker, Probe  
  31  2:37  Probe  
  31  2:40  Probe, Robotics Facility  
  33  2:47  Probe  
  34  2:52  Probe  
  34  2:56  Gateway  
  35  2:59  Probe  
  35  3:04  Probe  
  37  3:07  Gateway  
  37  3:10  Probe  
  38  3:16  Probe  
  38  3:18  Probe  
  38  3:19  Pylon  
  39  3:26  Probe  
  40  3:27  Observer  
  40  3:28  Probe  
  40  3:32  Assimilator  
  43  3:38  Probe, Pylon  
  43  3:40  Probe  
  45  3:43  Warp Prism  
  45  3:47  Assimilator  
  45  3:50  Robotics Bay, Probe  
  45  3:52  Probe  
  49  4:01  Stalker  
  51  4:02  Stalker  
  51  4:04  Probe  
  51  4:06  Probe  
  55  4:14  Pylon  
  55  4:16  Probe  
  56  4:18  Probe  
  56  4:19  Stalker  
  56  4:23  Colossus  
  59  4:30  Probe  
  56  4:31  Probe  
  56  4:38  Gravitic Drive  
  59  4:43  Probe  
  61  4:49  Adept x2  
  61  4:50  Adept  
  61  4:52  Probe  
  67  4:55  Probe  
  67  5:06  Shield Battery  
  67  5:12  Observer, Pylon  
  67  5:14  Sentry  
  70  5:20  Forge  
  70  5:21  Twilight Council  
  70  5:25  Disruptor  
  70  5:31  Stalker x2  
  68  5:37  Probe  
  68  5:38  Probe  
  67  5:44  Stalker  
  67  5:49  Probe  
  62  5:50  Probe  
  58  6:01  Stalker x2, Probe  
  58  6:03  Probe  
  49  6:11  Probe  
  49  6:12  Disruptor  
  49  6:13  Probe  
  49  6:20  Probe  
  49  6:21  Adept  
  55  6:26  Probe  
  55  6:29  Probe  
  57  6:39  Probe  
  58  6:41  Charge  
  58  6:43  Probe  
  59  6:51  Probe  
  59  6:53  Observer  
  61  6:55  Protoss Ground Armor Level 1, Probe  
  62  7:03  Probe  
  62  7:04  Probe  
  64  7:13  Probe  
  64  7:14  Nexus  
  65  7:15  Probe  
  67  7:24  Gateway  
  67  7:25  Probe  
  67  7:26  Observer  
  67  7:28  Probe  
  67  7:29  Gateway x2  
  69  7:36  Pylon  
  69  7:37  Probe  
  70  7:44  Templar Archives  
  70  7:45  Pylon  
  70  7:51  Probe x2  
  70  7:54  Warp Prism  
  72  7:58  Zealot x2  
  72  8:00  Sentry  
  72  8:04  Probe x2  
  80  8:20  Zealot  
  80  8:21  Zealot x2  
  80  8:26  Stalker, Zealot x2  
  91  8:37  Probe  
  91  8:39  Probe  
  74  8:50  Zealot x6  
  84  8:56  Probe  
  84  8:58  Probe x2  
  84  9:00  Protoss Ground Weapons Level 1, Blink  
  82  9:08  Probe  
  83  9:10  Probe  
  83  9:11  Stalker x2  
  83  9:12  Zealot  
  83  9:15  Probe  
  91  9:20  Probe  
  91  9:22  Probe  
  93  9:30  Probe  
  94  9:35  Zealot x3  
  97  9:38  Zealot  
  97  9:39  Zealot  
  98  9:46  Probe  
  94  9:54  Colossus  
  94  9:58  Probe x2  
  92  10:01  Probe  
  89  10:10  Probe x2  
  89  10:13  Probe  
  95  10:17  Pylon  
  95  10:18  Pylon  
  95  10:22  Probe  
  95  10:26  Probe  
  97  10:28  Pylon  
  97  10:34  Pylon  
  97  10:35  High Templar x6  
  109  10:38  Gateway  
  109  10:39  Archon x3  
  109  10:44  Photon Cannon  
  109  10:48  Gateway  
  103  11:08  Stalker  
  103  11:09  Stalker, Zealot x2  
  107  11:12  Probe  
  107  11:13  Probe  
  107  11:14  Colossus, Probe  
  104  11:24  Probe  
  104  11:25  Probe  
  92  11:26  Probe  
  92  11:30  Zealot x2  
  92  11:31  Zealot  
  89  11:34  Pylon  
  89  11:36  Probe  
  89  11:37  Probe, Pylon  
  95  11:41  Probe  
  94  11:48  Probe  
  94  11:49  Stalker x2  
  94  11:53  Pylon  
  99  11:54  Forge  
  99  11:55  Sentry x3  
  99  11:56  Zealot  
  99  11:57  Zealot x2  
  111  12:05  Pylon  
  111  12:13  Zealot x2  
  114  12:17  Extended Thermal Lance  
  102  12:23  Zealot x3  
  102  12:24  Zealot x3, Colossus  
  102  12:27  Protoss Ground Armor Level 2  
  93  12:35  Sentry  
  93  12:36  Sentry  
  98  12:40  Assimilator  
  98  12:42  Assimilator  
  97  12:44  Pylon  
  97  12:48  Zealot x3  
  103  13:04  Zealot x2, Stalker x3  
  111  13:13  Zealot x3  
  97  13:20  Probe  
  97  13:25  Stalker x2  
  84  13:33  Colossus  
  84  13:34  Zealot x3  
  80  13:43  Sentry x3  
  91  13:51  High Templar x2  
  91  13:55  Pylon  
  95  13:57  Zealot, Archon  
  95  13:58  Zealot  
  99  14:09  High Templar x2  
  103  14:10  Zealot x2  
  103  14:12  Colossus  
  103  14:13  Archon  
  101  14:25  Stalker  
  101  14:29  Pylon  
  109  14:31  Stalker  
  109  14:32  Stalker  
  109  14:33  Zealot  
  115  14:44  Stalker x2  
  117  14:59  Sentry x2  
  113  15:00  Stalker  
  113  15:01  Zealot x2  
  113  15:04  Observer  
  89  15:16  Stalker x2, Zealot  
  89  15:18  Probe  
  89  15:19  Probe  
  89  15:20  Probe  
  95  15:25  Zealot  
  68  15:36  Warp Prism  
  68  15:39  Stalker x2  
  61  15:51  High Templar  
  61  15:52  Sentry, High Templar  
  67  15:57  Zealot  
  67  15:58  Archon  
  67  15:59  Sentry  
  70  16:05  Zealot  
  70  16:06  Sentry  
Tags
 
Add a new tag
Caveats
  • Supply blocks, unpowered buildings, or Contaminate may cause inaccurate times.
  • Supply counts are checked every 10 seconds.